 Dungeon Crawl Stone Soup version 0.21.1-1-g345015f (webtiles) character file.

203 suomip the Shield-Bearer (level 6, 48/48 HPs)
             Began as a Human Fighter on July 26, 2018.
             Was an Initiate of Wu Jian.
             Quit the game on level 2 of the Dungeon.
             The game lasted 00:27:48 (2517 turns).

suomip the Shield-Bearer (Human Fighter)            Turns: 2517, Time: 00:27:48

Health: 48/48      AC:  5    Str: 18    XL:     6   Next: 8%
Magic:  6/6        EV: 13    Int:  8    God:    Wu Jian [......]
Gold:   102        SH: 10    Dex: 18    Spells: 5/5 levels left

rFire    . . .     SeeInvis .   x - -3 hunting sling (curse)
rCold    . . .     Gourm    .   c - +0 shield
rNeg     . . .     Faith    .   n - +0 ring mail (curse)
rPois    .         Spirit   .   (no helmet)
rElec    .         Reflect  .   j - scarf {repulsion}
rCorr    .         Harm     +   (no gloves)
MR       .....                  (no boots)
Stlth    +.........             m - amulet of harm
HPRegen  0.16/turn              l - +4 ring of evasion
MPRegen  0.10/turn              p - +5 ring of dexterity

@: repel missiles
A: no striking features
a: Renounce Religion


You were on level 2 of the Dungeon.
You worshipped Wu Jian.
Wu Jian was noncommittal.
You were hungry.

You visited 1 branch of the dungeon, and saw 3 of its levels.

You collected 102 gold pieces.

Inventory:

Hand Weapons
 a - a +0 flail
 x - a cursed -3 hunting sling (weapon)
Missiles
 g - 66 stones (quivered)
 o - 8 needles of confusion
Armour
 b - a +0 scale mail
 c - a +0 shield (worn)
 j - a scarf of repulsion (worn)
 n - a cursed +0 ring mail (worn)
 s - a +0 chain mail
 v - a +0 centaur barding
Jewellery
 l - a +4 ring of evasion (left hand)
 m - an amulet of harm (around neck)
 p - a +5 ring of dexterity (right hand)
Scrolls
 i - 3 scrolls of teleportation
 r - a scroll of identify
Potions
 d - a potion of might
 e - 2 potions of magic
 h - a potion of mutation {unknown}
 q - a potion of ambrosia {unknown}
 t - a potion of resistance {unknown}
 u - a potion of cancellation {unknown}
 w - 2 potions of curing {unknown}
Comestibles
 f - 6 rations
 k - 3 chunks of flesh


   Skills:
 + Level 3.8 Fighting
 + Level 3.8 Maces & Flails
 + Level 0.5 Throwing
 + Level 3.6 Armour
 + Level 1.0 Dodging
 + Level 3.8 Shields


You had 5 spell levels left.
You didn't know any spells.

Dungeon Overview and Level Annotations

Branches:
Dungeon (3/15)

Altars:
Sif Muna
Wu Jian
Yredelemnul

Annotations:
D:2 Sigmund


Message History

Aim: a hobgoblin, wielding a club You throw a stone.
The stone closely misses the hobgoblin.
You hit the hobgoblin.
The hobgoblin is moderately wounded.
You block the hobgoblin's attack. The hobgoblin misses you.
You closely miss the hobgoblin.
The hobgoblin is moderately wounded.
The hobgoblin misses you.
You thump the hobgoblin!
You kill the hobgoblin!
The Council accepts your kill.
You see here a club.
You see here a hunting sling.
You see here a hunting sling.
x - a hunting sling Wield which item (- for none, * to show all)? (? for menu, Esc to quit)
It sticks to your hand!
x - a cursed -3 hunting sling (weapon)
Unknown command.
Are you sure you want to abandon this character and quit the game? (Confirm with "yes".)

... . # ....... ###
....#.###.# #..
.........######.
#################(...)..
..................######
#...#...#...#...#.# #
..(.....).........# #
#...#...#...#...### #
.......@.........# #
################## #


There were no monsters in sight!

Vanquished Creatures
  An ogre (D:3)
  3 adders (D:3)
  A worm (D:3)
  4 dart slugs
  4 leopard geckos
  5 giant cockroaches
  6 goblins
  9 hobgoblins
  4 jackals (D:2)
  9 kobolds
  2 quokkas (D:3)
  9 bats
  7 frilled lizards
  11 rats
  A spectral orc (D:3)
  A plant (D:1)
77 creatures vanquished.

Vanquished Creatures (others)
  A frilled lizard (D:2)
1 creature vanquished.

Grand Total: 78 creatures vanquished

Notes
Turn   | Place    | Note
-------+----------+-------------------------------------------
     0 | D:1      | suomip the Human Fighter began the quest for the Orb.
     0 | D:1      | Reached XP level 1. HP: 18/18 MP: 1/1
   191 | D:1      | Reached XP level 2. HP: 24/24 MP: 2/2
   690 | D:1      | Reached XP level 3. HP: 29/29 MP: 3/3
  1535 | D:2      | Reached XP level 4. HP: 21/35 MP: 4/4
  1829 | D:2      | Noticed Sigmund
  2093 | D:3      | Found a deep blue altar of Sif Muna.
  2236 | D:3      | Noticed an ogre
  2244 | D:3      | Killed an ogre
  2244 | D:3      | Reached skill level 1 in Dodging
  2244 | D:3      | Reached XP level 5. HP: 42/42 MP: 5/5
  2259 | D:3      | Found an ornate altar of the Wu Jian Council.
  2262 | D:3      | Became a worshipper of the Wu Jian Council
  2309 | D:3      | Reached XP level 6. HP: 48/48 MP: 6/6
  2357 | D:3      | Found a basalt altar of Yredelemnul.
  2517 | D:2      | Quit the game

Skill      XL: |  1  2  3  4 |
---------------+-------------+-----
Maces & Flails | 3 |  3.8
Dodging        | 1 |  1.0
Fighting       | |  3.8
Throwing       | |  0.5
Armour         | |  3.6
Shields        | |  3.8

Action                   |  1- 3 |  4- 6 || total
-------------------------+-------+-------++-------
Melee: Flail             |   167 |   113 ||   280
Throw: Stone             |    14 |    14 ||    28
Invok: Lunge             |       |     4 ||     4
  Use: Scroll            |     2 |     1 ||     3
  Eat: Chunk             |     2 |     3 ||     5
Armor: Scale mail        |    63 |    12 ||    75
       Ring mail         |       |    21 ||    21
Dodge: Dodged            |    71 |    65 ||   136
Block: Shield            |    85 |    49 ||   134
